 Dungeon Crawl Stone Soup version 0.23-a0-143-g1adec7b (webtiles) character file.

695 Amnesiac the Chiller (level 7, 0/46 HPs)
             Began as a Mummy Ice Elementalist on Sept 4, 2018.
             Was a Follower of Vehumet.
             Slain by a shadow imp (2 damage)
             ... on level 5 of the Dungeon.
             The game lasted 00:12:53 (6132 turns).

Amnesiac the Chiller (Mummy Ice Elementalist)       Turns: 6132, Time: 00:12:54

Health: 0/46       AC:  4    Str: 11    XL:     7   Next: 37%
Magic:  5/14       EV: 12    Int: 16    God:    Vehumet [*.....]
Gold:   189        SH:  0    Dex: 13    Spells: 5/16 levels left

rFire    x . .     SeeInvis .   o - +0 hunting sling
rCold    + . .     Gourm    .   (no shield)
rNeg     + + +     Faith    .   i - +0 robe
rPois    ∞         Spirit   .   g - +0 helmet
rElec    .         Reflect  .   (no cloak)
rCorr    .         Harm     .   (no gloves)
MR       .....                  l - +0 pair of boots
Stlth    +++.......             (no amulet)
HPRegen  0.15/turn              (no ring)
MPRegen  0.14/turn              e - ring of stealth

@: no status effects
A: no food or potions, fire vulnerability, cold resistance 1, negative energy
resistance 3, torment resistance, unbreathing
a: Renounce Religion


You were on level 5 of the Dungeon.
You worshipped Vehumet.
Vehumet was aware of your devotion.
You were not hungry.

You visited 2 branches of the dungeon, and saw 6 of its levels.

You collected 225 gold pieces.
You spent 36 gold pieces at shops.

Inventory:

Hand Weapons
 a - a +0 whip of venom
 b - a +0 hand axe of freezing
 j - a +0 rapier of draining
 o - a +0 hunting sling (weapon)
Missiles
 p - 112 stones
 q - 24 sling bullets (quivered)
Armour
 g - a +0 helmet (worn)
 i - a +0 robe (worn)
 l - a +0 pair of boots (worn)
Jewellery
 e - a ring of stealth (right hand)
 h - an uncursed ring of teleportation
Wands
 k - a wand of flame (1)
Scrolls
 c - 2 scrolls of amnesia {!r}
 d - 3 scrolls of teleportation {!r}
 f - a scroll of enchant weapon {!r}
 m - 6 scrolls of identify {!r}
 n - a scroll of blinking {!r}


   Skills:
 - Level 1.5 Dodging
 - Level 1.5 Stealth
 - Level 5.0 Spellcasting
 + Level 3.9 Conjurations
 - Level 5.1 Ice Magic


You had 5 spell levels left.
You knew the following spells:

 Your Spells              Type           Power        Failure   Level  Hunger
a - Freeze                Ice            ###.         1%          1    N/A
b - Ozocubu's Armour      Chrm/Ice       ##......     16%         3    N/A
c - Summon Ice Beast      Ice/Summ       ##......     45%         4    N/A
s - Conjure Flame         Conj/Fire      ##......     21%         3    N/A

Your spell library contained the following spells:

 Spells                   Type           Power        Failure   Level  Hunger
 Shock                    Conj/Air       ##..         7%          1    N/A
 Throw Frost              Conj/Ice       ###...       3%          2    N/A
 Flame Tongue             Conj/Fire      ##...        7%          1    N/A
 Throw Flame              Conj/Fire      ##....       10%         2    N/A
 Throw Icicle             Conj/Ice       ###.....     22%         4    N/A
 Inner Flame              Hex/Fire       #.......     41%         3    N/A
 Sticky Flame             Conj/Fire      ##......     54%         4    N/A
 Fireball                 Conj/Fire      ##........   88%         5    N/A

Dungeon Overview and Level Annotations

Branches:
Dungeon (5/15)             Temple (1/1) D:4

Altars:
Ashenzari
Cheibriados
Dithmenos
Gozag
Hepliaklqana
Makhleb
Nemelex Xobeh
Okawaru
Qazlal
Trog
Vehumet
Zin
The Shining One

Shops:
D:4 ?

Annotations:
Temple dig for exp


Innate Abilities, Weirdness & Mutations

You do not eat or drink.
Your flesh is vulnerable to fire.
You are immune to poison.
Your flesh is cold resistant. (rC+)
You are immune to negative energy. (rN+++)
You are immune to unholy pain and torment.
You can survive without breathing.


Message History

Aiming: Conjure Flame (safe; 21% risk of failure)
Press: ? - help, Dir - move target cursor, f - shadow imp
Aim: a shadow imp (severely wounded)
You can't place the cloud on a creature.
Casting: Conjure Flame (safe; 21% risk of failure)
Confirm with . or Enter, or press ? or * to list all spells.
Aiming: Freeze (safe; 1% risk of failure)
Press: ? - help, Shift-Dir - straight line, f/p - shadow imp
Aim: a shadow imp (severely wounded)
You freeze the shadow imp.
The shadow imp completely resists.
The shadow imp is severely wounded.
The shadow imp barely misses you.
Casting: Freeze (safe; 1% risk of failure)
Confirm with . or Enter, or press ? or * to list all spells.
Aiming: Freeze (safe; 1% risk of failure)
Press: ? - help, Shift-Dir - straight line, f/p - shadow imp
Aim: a shadow imp (severely wounded)
You freeze the shadow imp.
The shadow imp resists.
The shadow imp is severely wounded.
The shadow imp closely misses you.
Casting: Freeze (safe; 1% risk of failure)
Confirm with . or Enter, or press ? or * to list all spells.
Aiming: Freeze (safe; 1% risk of failure)
Press: ? - help, Shift-Dir - straight line, f/p - shadow imp
Aim: a shadow imp (severely wounded)
You freeze the shadow imp.
The shadow imp completely resists.
The shadow imp is severely wounded.
The shadow imp hits you.
* * * LOW HITPOINT WARNING * * *
Casting: Freeze (safe; 1% risk of failure)
Confirm with . or Enter, or press ? or * to list all spells.
Aiming: Freeze (safe; 1% risk of failure)
Press: ? - help, Shift-Dir - straight line, f/p - shadow imp
Aim: a shadow imp (severely wounded)
You freeze the shadow imp.
The shadow imp resists.
The shadow imp is almost dead.
The shadow imp hits you.
* * * LOW HITPOINT WARNING * * *
Casting: Freeze (safe; 1% risk of failure)
Confirm with . or Enter, or press ? or * to list all spells.
Aiming: Freeze (safe; 1% risk of failure)
Press: ? - help, Shift-Dir - straight line, f/p - shadow imp
Aim: a shadow imp (almost dead)
You freeze the shadow imp.
The shadow imp completely resists.
The shadow imp is almost dead.
The shadow imp hits you.
* * * LOW HITPOINT WARNING * * *
Casting: Freeze (safe; 1% risk of failure)
Confirm with . or Enter, or press ? or * to list all spells.
Aiming: Freeze (safe; 1% risk of failure)
Press: ? - help, Shift-Dir - straight line, f/p - shadow imp
Aim: a shadow imp (almost dead)
You freeze the shadow imp.
The shadow imp resists.
The shadow imp is almost dead.
The shadow imp closely misses you.
Casting: Freeze (safe; 1% risk of failure)
Confirm with . or Enter, or press ? or * to list all spells.
Aiming: Freeze (safe; 1% risk of failure)
Press: ? - help, Shift-Dir - straight line, f/p - shadow imp
Aim: a shadow imp (almost dead)
You freeze the shadow imp.
The shadow imp completely resists.
The shadow imp is almost dead.
The shadow imp hits you.
You die...

#...........#.####...........
#.$...........##......# ....##
#.!...................##(#....
#.................#..((((...(#
#.............>...........(...
#...........).........###.###.
....................#.###.##
#<....<.......#.(###......#
#..............@5....###...#
##.............#####......#.#
#..............######.......
................... ..###...
#..........######## ### #.
#...######## #...# #...# #...#


You could see a shadow imp.

Vanquished Creatures
  2 ice beasts (D:4)
  A phantom (D:3)
  A crimson imp (D:5)
  2 bullfrog zombies (D:5)
  A bullfrog skeleton (D:5)
  2 orc priests
  An orc wizard (D:4)
  2 worker ants (D:5)
  4 adders
  3 gnolls (D:2)
  A shadow imp (D:5)
  An adder skeleton (D:4)
  A worm (D:3)
  4 dart slugs
  4 leopard geckos
  9 orcs
  3 bats
  9 giant cockroaches
  2 goblins
  5 hobgoblins
  12 kobolds
  A quokka (D:4)
  A ball python (D:4)
  8 frilled lizards
  A jackal skeleton (D:5)
  6 rats
87 creatures vanquished.

Notes
Turn   | Place    | Note
-------+----------+-------------------------------------------
     0 | D:1      | Amnesiac the Mummy Ice Elementalist began the quest for the
                  | Orb.
     0 | D:1      | Reached XP level 1. HP: 13/13 MP: 4/4
   215 | D:3      | Reached XP level 2. HP: 15/19 MP: 1/5
   328 | D:4      | Noticed a phantom
   350 | D:4      | Found a staircase to the Ecumenical Temple.
   354 | Temple   | Entered the Ecumenical Temple
   365 | Temple   | Noticed a lava snake
   368 | Temple   | Noticed a lava snake
   370 | Temple   | Noticed a lava snake
   393 | Temple   | Noticed a lava snake
   393 | Temple   | Noticed a lava snake
   393 | Temple   | Noticed a lava snake
   895 | D:2      | Reached XP level 3. HP: 4/24 MP: 3/7
  1308 | D:2      | Learned a level 3 spell: Ozocubu's Armour
  1931 | D:3      | Reached XP level 4. HP: 30/30 MP: 7/9
  2722 | D:4      | Found a snail-covered altar of Cheibriados.
  2814 | D:5      | Entered Level 5 of the Dungeon
  3030 | D:4      | Found a burning altar of Makhleb.
  3225 | Temple   | Learned a level 3 spell: Conjure Flame
  3446 | D:4      | Reached XP level 5. HP: 31/35 MP: 7/11
  3482 | D:4      | Learned a level 4 spell: Summon Ice Beast
  3560 | D:4      | Noticed an ice beast
  3568 | D:4      | Killed an ice beast
  4258 | D:4      | Found a radiant altar of Vehumet.
  4266 | D:4      | Became a worshipper of Vehumet
  5145 | D:4      | Found Cestec's Magic Scroll Boutique.
  5148 | D:4      | Bought a scroll of remove curse for 36 gold pieces
  5310 | D:3      | Killed a phantom
  5310 | D:3      | Reached skill level 5 in Spellcasting
  5310 | D:3      | Reached skill level 5 in Ice Magic
  5310 | D:3      | Reached XP level 6. HP: 19/41 MP: 13/13
  5455 | D:5      | Reached skill level 1 in Conjurations
  5648 | D:5      | Noticed an ice beast
  5860 | D:4      | Killed an ice beast
  5860 | D:4      | Reached XP level 7. HP: 29/46 MP: 8/14
  6008 | D:5      | Reached * piety under Vehumet
  6008 | D:5      | Offered knowledge of Shock by Vehumet.
  6130 | D:5      | HP: 1/46 [shadow imp (3)]
  6132 | D:5      | Slain by a shadow imp

Vault maps used:
D:1:      dpeg_arrival_lava_altar
D:2:      serial_aquarium, aquarium_bridge_square, aquarium_window_fake,
          aquarium_window_fake, aquarium_view_2c, aquarium_balcony_1b,
          first_ration, kennysheep_generic_room_5
D:4:      vehumet_altar_wand_db, kennysheep_slug_shrine, kennysheep_mini_moat,
          minmay_temple_entry_grid, serial_shops, shop
Temple:   compressed_dpeg_circular_temple

Skill      XL: |  1  2  3  4  5  6  7 |
---------------+----------------------+-----
Spellcasting   | 3 4 5 |  5.0
Ice Magic      | 3 4 5 |  5.1
Conjurations   | 2 3 |  3.9
Dodging        | |  1.5
Stealth        | |  1.5

Action                   |  1- 3 |  4- 6 |  7- 9 || total
-------------------------+-------+-------+-------++-------
Melee: Unarmed           |     1 |       |       ||     1
       Whip              |       |    11 |       ||    11
       Hand axe          |       |     6 |       ||     6
       Rapier            |       |     2 |       ||     2
 Fire: Hunting sling     |       |    19 |    28 ||    47
 Cast: Freeze            |    53 |    92 |    15 ||   160
       Conjure Flame     |       |    14 |     1 ||    15
Evoke: Wand              |       |    24 |     1 ||    25
  Use: Scroll            |     5 |     4 |       ||     9
Armor: Robe              |     4 |    29 |     4 ||    37
Dodge: Dodged            |    25 |    77 |    25 ||   127

Table legend:
 A = Non-vault XP
 B = Vault XP
 C = Vault XP percentage of total XP
 D = Non-vault monster count
 E = Vault monster count
 F = Vault count percentage of total count
                 A         B        C        D         E       F
            +---------+---------+-------+---------+---------+-------
      Total |     982 |      11 |   1.1 |      82 |       5 |   5.7
            +---------+---------+-------+---------+---------+-------
        D:1 |      36 |       0 |   0.0 |      22 |       0 |   0.0
        D:2 |      54 |       5 |   8.5 |      10 |       3 |  23.1
        D:3 |     164 |       0 |   0.0 |      12 |       0 |   0.0
        D:4 |     401 |       6 |   1.5 |      23 |       2 |   8.0
        D:5 |     324 |       0 |   0.0 |      14 |       0 |   0.0
     Temple |       3 |       0 |   0.0 |       1 |       0 |   0.0
            +---------+---------+-------+---------+---------+-------
